 Dungeon Crawl Stone Soup version 0.31-a0-971-g75a2e9a4b4 (webtiles) character file.

Game seed: 15679105458303233074

1659 zenocrate the Sneak (level 9, -4/39 HPs)
             Began as a Vine Stalker Enchanter on Oct 28, 2023.
             Was a Follower of Dithmenos.
             Slain by a spriggan
             ... wielding a +0 trident
              (9 damage)
             ... in a bailey.
             The game lasted 00:07:36 (5100 turns).

zenocrate the Sneak (Vine Stalker Enchanter)        Turns: 5100, Time: 00:07:36

Health: -4/39      AC:  7    Str: 11    XL:     9   Next: 0%
Magic:  0/13       EV: 13    Int: 15    God:    Dithmenos [*.....]
Gold:   257        SH:  0    Dex: 19    Spells: 2/12 levels left

rFire   + . .        b - +2 short sword (elec)
rCold   . . .        (no shield)
rNeg    . . .        f - +0 robe
rPois   .            n - +1 helmet
rElec   .            s - +2 cloak
rCorr   .            (no gloves)
SInv    .            (no boots)
Will    +....        p - amulet of regeneration
Stlth   +++++        m - ring of protection from fire
HPRegen 1.86/turn    (no ring)
MPRegen 0.13/turn

%: guardian spirit
@: wreathed by umbra, invisible
A: fangs 3, regeneration 1, magic shield, antimagic bite, no potion heal 2
a: Renounce Religion


You were in a bailey.
You worshipped Dithmenos.
Dithmenos was aware of your devotion.
You visited 2 branches of the dungeon, and saw 8 of its levels.
You also visited: Bailey.

You collected 317 gold pieces.
You spent 60 gold pieces at shops.

Inventory:

Hand Weapons
 a - a +3 dagger of speed
 b - a +2 short sword of electrocution (weapon)
 g - a +1 dagger
 v - a +1 short sword of protection
Missiles
 j - a curare-tipped dart
 l - 10 poisoned darts
Armour
 f - a +0 robe (worn)
 n - a +1 helmet (worn)
 s - a +2 cloak (worn)
Jewellery
 m - a ring of protection from fire (left hand)
 p - an amulet of regeneration (around neck)
Wands
 t - a wand of polymorph (8)
Scrolls
 d - a scroll of vulnerability
 i - a scroll of fog
 o - 3 scrolls of immolation
 r - a scroll of brand weapon {unknown}
 u - a scroll of enchant armour
 w - a scroll of teleportation {unknown}
Potions
 c - a potion of invisibility
 e - a potion of brilliance
 h - a potion of might
 k - 5 potions of curing
 q - a potion of haste


   Skills:
 + Level 5.9 Short Blades
 - Level 3.3 Dodging
 + Level 7.8 Stealth
 - Level 2.1 Spellcasting
 + Level 6.1 Hexes
 - Level 3.0 Ice Magic
 + Level 0.0 Invocations


You had 2 spell levels left.
You knew the following spells:

 Your Spells              Type           Power      Damage    Failure   Level
a - Ensorcelled Hibernat  Hex/Ice        30%        N/A       4%          2
b - Confusing Touch       Hex            19%        N/A       5%          3
c - Tukima's Dance        Hex            19%        N/A       5%          3
x - Blink                 Tloc           2%         N/A       32%         2

Your spell library contained the following spells:

 Spells                   Type           Power      Damage    Failure   Level
 Passwall                 Tmut/Erth      0%         N/A       32%         2
 Static Discharge         Conj/Air       2%         3-4/arc   32%         2
 Dazzling Flash           Conj/Hex       20%        N/A       19%         3
 Swiftness                Air            1%         N/A       54%         3
 Airstrike                Air            0%         2d(1-17)  91%         4
 Manifold Assault         Tloc           1%         N/A       91%         4
 Summon Lightning Spire   Summ/Air       1%         N/A       91%         4


Dungeon Overview and Level Annotations

Branches:
Dungeon (7/15)             Temple (1/1) D:5          Bailey (1/1)

Altars:
Ashenzari
Cheibriados
Dithmenos
Elyvilon
Fedhas
Gozag
Hepliaklqana
Kikubaaqudgha
Makhleb
Nemelex Xobeh
Okawaru
Qazlal
Ru
Sif Muna
Trog
Uskayaw
Wu Jian
Yredelemnul
Zin

Shops:
D:4 *


Innate Abilities, Weirdness & Mutations

You have razor-sharp teeth.
Your natural rate of healing is unusually fast.
When hurt, damage is shared between your health and your magic reserves.
Your bite disrupts and absorbs the magic of your enemies.
Potions cannot restore your health.


Message History

Press: ? - help, Shift-Dir - straight line, f - ogre
Aim: an ogre, wielding a +0 halberd (chance to affect: 49%)
The ogre looks drowsy...
The spriggan shouts!
Unknown command.
Casting: Ensorcelled Hibernation (safe; 4% risk of failure)
Confirm with . or Enter, or press ? or * to list all spells.
Aiming: Ensorcelled Hibernation (safe; 4% risk of failure)
Press: ? - help, Shift-Dir - straight line, f - ogre, p - ogre
Aim: an ogre, wielding a +0 halberd (chance to affect: 49%)
The ogre looks drowsy...
The spriggan hits you from afar with a +0 trident!!
The ogre shouts!
You hit the ogre. Your bite misses the ogre.
The ogre is moderately wounded.
The ogre hits you with a +0 halberd!!
* * * LOW HITPOINT WARNING * * *
The ogre barely misses you.
Unknown command.
Okay, then.
Okay, then.
You fade into invisibility!
The spriggan barely misses you.
Unknown command.
Okay, then.
You catch the helpless ogre completely off-guard!
You impale the ogre!!
The ogre is almost dead.
The spriggan closely misses you. The ogre hits you with a +0 halberd!
* * * LOW HITPOINT WARNING * * *
Unknown command.
Okay, then.
Unknown command.
Okay, then.
Casting: Ensorcelled Hibernation (safe; 4% risk of failure)
Confirm with . or Enter, or press ? or * to list all spells.
You don't have enough magic to cast this spell.
Unknown command.
The spriggan hits you from afar with a +0 trident!
You die...

#...∩..~~~..#
#......~~~..#
#......~~~..#
#......~~~..♣
#...∩..~~~..#
##.....###..♣♣
#.....# ##..♣♣
##...## ##.)##
##.##
##.@######♣..
###
##..i......#
##.OO....#
#########


You could see 2 ogres and a spriggan.

Vanquished Creatures
  An orc warrior (D:6)
  3 ogres
  3 centaurs
  3 kobold brigands
  6 scorpions
  2 hounds
  A jelly (D:6)
  3 orc priests
  A gnoll bouda (D:7)
  2 sleepcaps
  2 iguanas (D:6)
  2 orc wizards (D:6)
  4 gnolls (D:7)
  3 adders
  A worm (D:3)
  5 dart slugs
  11 orcs
  4 ball pythons
  2 bats
  5 endoplasms
  5 giant cockroaches
  8 hobgoblins
  6 jackals
  2 quokkas
  2 frilled lizards (D:2)
  6 goblins
  25 kobolds
  5 rats
123 creatures vanquished.

Notes
Turn   | Place    | Note
-------+----------+-------------------------------------------
     0 | D:1      | zenocrate the Vine Stalker Enchanter began the quest for
                  | the Orb.
     0 | D:1      | Reached XP level 1. HP: 9/9 MP: 4/4
    61 | D:1      | Reached skill level 1 in Short Blades
   111 | D:1      | Reached XP level 2. HP: 13/13 MP: 3/6
   119 | D:1      | Learned a level 2 spell: Ensorcelled Hibernation
   177 | D:1      | Found a faded altar of an unknown god.
   205 | D:1      | Reached skill level 4 in Stealth
   502 | D:2      | Reached XP level 3. HP: 16/16 MP: 7/7
   506 | D:2      | Learned a level 3 spell: Confusing Touch
   672 | D:2      | Found a blossoming altar of Fedhas.
  1364 | D:3      | Reached skill level 1 in Ice Magic
  1364 | D:3      | Reached XP level 4. HP: 19/21 MP: 4/8
  1367 | D:3      | Learned a level 2 spell: Blink
  1475 | D:3      | Found an ancient bone altar of Kikubaaqudgha.
  1542 | D:3      | Found a hazy altar of Hepliaklqana.
  1553 | D:3      | Found a burning altar of Makhleb.
  1785 | D:3      | Found a basalt altar of Yredelemnul.
  1913 | D:4      | Noticed a scorpion
  1932 | D:4      | Killed a scorpion
  1933 | D:4      | Reached XP level 5. HP: 24/24 MP: 1/9
  2107 | D:4      | Found Poimiudgh's General Store.
  2116 | D:4      | Bought a potion of curing for 36 gold pieces
  2116 | D:4      | Bought a scroll of identify for 24 gold pieces
  2214 | D:4      | Found an opulent altar of Gozag.
  2597 | D:5      | Entered Level 5 of the Dungeon
  2611 | D:5      | Noticed an ogre
  2617 | D:5      | Killed an ogre
  2618 | D:5      | Reached skill level 5 in Stealth
  2618 | D:5      | Reached XP level 6. HP: 28/28 MP: 7/10
  2706 | D:5      | Reached XP level 7. HP: 32/32 MP: 4/11
  3011 | D:5      | Found a staircase to the Ecumenical Temple.
  3297 | Temple   | Entered the Ecumenical Temple
  3328 | Temple   | Became a worshipper of Dithmenos the Shadowed
  3462 | D:5      | Found a bloodstained altar of Trog.
  3469 | D:5      | Found a sacrificial altar of Ru.
  3689 | D:6      | Reached skill level 6 in Stealth
  3945 | D:6      | Reached skill level 5 in Hexes
  3945 | D:6      | Gained mutation: You have razor-sharp teeth. [Vine Stalker
                  | growth]
  3945 | D:6      | Reached XP level 8. HP: 18/36 MP: 4/12
  4324 | D:6      | Reached * piety under Dithmenos
  4325 | D:6      | Reached skill level 7 in Stealth
  4465 | D:6      | Learned a level 3 spell: Tukima's Dance
  4508 | D:6      | Reached skill level 5 in Short Blades
  5038 | D:7      | Found a flagged portal.
  5057 | Bailey   | Entered a bailey
  5088 | Bailey   | Reached XP level 9. HP: 39/39 MP: 13/13
  5098 | Bailey   | HP: 1/39 [ogre/+0 halberd (8)]
  5100 | Bailey   | Slain by a spriggan

Illustrated notes

Levels and vault maps discovered:
D:1:      matt_arrival_refuge, layout_rooms, ebering_ecumenical_altar_rust
D:2:      layout_basic, basic_altar
D:3:      layout_loops_ring, mainiacjoe_overflow_tiny_flanked,
          mainiacjoe_overflow_alcove_2, mainiacjoe_overflow_big_doors,
          serial_aquarium, aquarium_bridge_long_joined [aquarium_subvault_wall,
          aquarium_subvault_wall, aquarium_subvault_bridge,
          aquarium_subvault_window, aquarium_subvault_bridge,
          aquarium_subvault_wall], aquarium_window_corner, aquarium_window_1,
          aquarium_window_fake, aquarium_view_2c, aquarium_view_2f,
          aquarium_balcony_double_2
D:4:      layout_loops_ring, grunt_gozag_breadcrumbs, serial_shops,
          nicolae_shop_advertising_works [nicolae_subvault_shop_adworks],
          kennysheep_nub
D:5:      layout_basic, minitemple, minmay_temple_entry_crystal_x,
          hangedman_decor_peaks_small, st_stairs_9, minmay_hedge_maze,
          hangedman_decor_slide_cut
D:6:      layout_loops_corners, chequers_serial_rivers_small_3
D:7:      layout_loops_corners, nicolae_tso_carved_into_rock, enter_bailey_5,
          uniq_jeremiah
Temple:   grunt_temple_mini_profane
Bailey:   bailey_polearm_enchanted_keep_hellmonk, bailey

Skill      XL: |  1  2  3  4  5  6  7  8 |
---------------+-------------------------+-----
Short Blades   | 1 2 3 5 |  5.9
Stealth        | 4 5 6 7 |  7.8
Ice Magic      | 1 2 3 |  3.0
Dodging        | 2 3 |  3.3
Hexes          | 4 5 6 |  6.1
Spellcasting   | |  2.1

Action                     |  1- 3 |  4- 6 |  7- 9 || total
---------------------------+-------+-------+-------++-------
  Melee: Dagger            |    75 |    55 |    48 ||   178
         Bite              |    16 |    12 |    56 ||    84
         Punch             |     1 |       |     1 ||     2
         Short sword       |       |       |   118 ||   118
   Cast: Ensorcelled Hiber |     5 |     9 |    27 ||    41
         Confusing Touch   |       |     1 |     3 ||     4
    Use: Scroll            |       |     2 |     7 ||     9
         Potion            |       |       |     2 ||     2
   Stab: Sleeping          |    15 |    15 |    19 ||    49
         Confused          |       |     1 |       ||     1
         Invisible         |       |       |     2 ||     2
 Armour: Robe              |    25 |    19 |    85 ||   129
  Dodge: Dodged            |    34 |    17 |    88 ||   139

Table legend: (Time is in decaauts)
 A = Elapsed time spent in this place.
 B = Non-inter-level travel time spent in this place.
 C = Inter-level travel time spent in this place.
 D = Time resting spent in this place.
 E = Time spent auto-exploring this place.
 F = Levels seen in this place.
 G = Mean time per level.
                   A        B        C        D        E       F      G
               +--------+--------+--------+--------+--------+-----+--------+
         Total |   5014 |   4745 |    269 |     46 |   3710 |   9 |  557.1 |
       Dungeon |   4911 |   4699 |    212 |     46 |   3686 |   7 |  701.6 |
        Temple |     58 |      2 |     56 |      0 |      0 |   1 |   58.0 |
        Bailey |     43 |     43 |      0 |      0 |     24 |   1 |   43.0 |
               +--------+--------+--------+--------+--------+-----+--------+

Top non-repeatable levels by time:
     D:6: 1181 daAuts
     D:5: 936 daAuts
     D:3: 720 daAuts
     D:4: 695 daAuts
     D:2: 662 daAuts
     D:1: 482 daAuts
     D:7: 232 daAuts
  Temple: 58 daAuts
  Bailey: 43 daAuts
